 Dungeon Crawl Stone Soup version 0.26-a0-651-gb41185065b (webtiles) character file.

Game seed: 11746085417229503001

43712 miket3c the Earth Mage (level 14, -42/74 HPs)
             Began as a Gargoyle Earth Elementalist on Oct 1, 2020.
             Was a High Priest of Vehumet.
             Killed from afar by a fire dragon (55 damage)
             ... with a blast of flame
             ... on level 6 of the Lair of Beasts.
             The game lasted 02:15:45 (19427 turns).

miket3c the Earth Mage (GrEE)                      Turns: 19427, Time: 02:15:46

Health: -42/74     AC: 26    Str: 13    XL:     14   Next: 25%
Magic:  29/31      EV: 20    Int: 20    God:    Vehumet [*****.]
Gold:   1219       SH:  0    Dex: 10    Spells: 22/39 levels left

rFire    . . .     SeeInvis .   V - +2 short sword (venom)
rCold    . . .     Faith    .   (no shield)
rNeg     + . .     Spirit   .   k - +3 ring mail
rPois    ∞         Reflect  .   d - +2 hat
rElec    +         Harm     .   C - +0 cloak
rCorr    .         Rampage  .   S - +0 pair of gloves
MR       ++...                  g - +1 pair of boots
Stlth    ++........             H - amulet of magic regeneration
HPRegen  0.22/turn              m - +4 ring of evasion
MPRegen  0.47/turn              n - +4 ring of evasion

@: flying, hasted, very quick
A: big wings, deterioration 1, magic resistance 1, negative energy resistance 1,
electricity resistance, unbreathing, petrification resistance, rot immunity,
MP-powered wands, AC +10
a: Stop Flying, Renounce Religion


You were on level 6 of the Lair of Beasts.
You worshipped Vehumet.
Vehumet was extremely pleased with you.
You visited 3 branches of the dungeon, and saw 20 of its levels.

You collected 1219 gold pieces.

Inventory:

Hand Weapons
 u - a +1 dagger
 V - a +2 short sword of venom (weapon)
Missiles
 l - 29 poisoned darts
 D - 7 atropa-tipped darts
 G - 2 boomerangs of dispersal
 K - 8 curare-tipped darts
 M - 18 boomerangs (quivered)
Armour
 d - a +2 hat (worn)
 g - a +1 pair of boots (worn)
 k - a +3 ring mail (worn)
 C - a +0 cloak (worn)
 S - a +0 pair of gloves (worn)
Jewellery
 h - an uncursed ring of resist corrosion
 m - a +4 ring of evasion (left hand)
 n - a +4 ring of evasion (right hand)
 o - an uncursed ring of flight
 E - the amulet of Xuraxto {Acrobat rF+ rC- Dex+4, unknown}
   (You found it on level 5 of the Lair of Beasts)

   [amulet of the acrobat]

   It helps you evade while moving and waiting.
   It affects your dexterity (+4).
   It protects you from fire.
   It makes you vulnerable to cold.
 H - an amulet of magic regeneration (around neck)
 N - a cursed ring of teleportation {unknown}
 Y - an uncursed ring of poison resistance {unknown}
Wands
 O - a wand of paralysis (3)
 P - a wand of polymorph (14)
 U - a wand of iceblast (17)
 Z - a wand of enslavement (2)
Scrolls
 a - 9 scrolls of remove curse
 f - 3 scrolls of enchant armour
 i - a scroll of fear
 p - 9 scrolls of identify
 r - 4 scrolls of immolation
 s - 3 scrolls of random uselessness
 v - 2 scrolls of amnesia
 w - 2 scrolls of enchant weapon
 A - 2 scrolls of noise
 F - a scroll of holy word {unknown}
 I - a scroll of magic mapping {unknown}
 J - 3 scrolls of fog
 L - a scroll of summoning {unknown}
 Q - a scroll of vulnerability
Potions
 b - a potion of stabbing {unknown}
 c - a potion of ambrosia {unknown}
 e - a potion of mutation
 j - a potion of brilliance {unknown}
 q - 3 potions of haste
 t - 2 potions of cancellation
 x - a potion of might
 B - a potion of invisibility
 R - a potion of magic {unknown}
 T - 2 potions of lignification
 W - a potion of berserk rage
Miscellaneous
 X - a phial of floods


   Skills:
 + Level 3.4 Fighting
 + Level 3.2 Short Blades
 + Level 4.7 Throwing
 + Level 7.1 Armour
 + Level 4.8 Dodging
 + Level 4.4 Stealth
 + Level 0.5 Unarmed Combat
 + Level 13.3 Spellcasting
 + Level 7.0 Conjurations
 + Level 0.8 Transmutations
 + Level 16.3 Earth Magic
 + Level 1.2 Evocations


You had 22 spell levels left.
You knew the following spells:

 Your Spells              Type           Power        Failure   Level
a - Sandblast             Erth           ######       0%          1
b - Passwall              Tmut/Erth      #####...     1%          2
c - Stone Arrow           Conj/Erth      ######       1%          3
d - Lee's Rapid Deconstr  Erth           ######....   1%          5
e - Iron Shot             Conj/Erth      ######....   3%          6

Your spell library contained the following spells:

 Spells                   Type           Power        Failure   Level
 Hailstorm                Conj/Ice       ####....     6%          4
 Dazzling Flash           Conj/Hex       ####..       1%          3
 Petrify                  Tmut/Erth      #####...     2%          4
 Corona                   Hex            ##.....      10%         1
 Ensorcelled Hibernation  Hex/Ice        ##....       14%         2
 Confusing Touch          Hex            ##......     28%         3
 Tukima's Dance           Hex            ##......     28%         3


Dungeon Overview and Level Annotations

Branches:
Dungeon (13/15)            Temple (1/1) D:5            Lair (6/6) D:10
  Slime (0/5) Lair:6          Orc (0/2) D:12
  Swamp: Lair:2-4    Shoals: Lair:2-4     Snake: Lair:2-4    Spider: Lair:2-4
 Vaults: D:13-14

Altars:
Ashenzari
Dithmenos
Elyvilon
Fedhas
Gozag
Hepliaklqana
Nemelex Xobeh
Okawaru
Qazlal
Ru
Trog
Vehumet
Xom
Yredelemnul
Zin
Beogh

Shops:
D:6 *

Portals:
Bazaar: D:12

Annotations:
D:2 exclusion: oklob plant
D:9 exclusion: orange crystal statue
D:10 3 runed translucent doors, exclusion: obsidian statue
Lair:2 exclusion: oklob plant
Lair:5 exclusion: 2 oklob plants
Lair:6 slime


Innate Abilities, Weirdness & Mutations

You are resistant to torment.
Your stone body is resilient. (AC +10)
You are immune to poison.
Your large and strong wings let you fly indefinitely.
You resist negative energy. (rN+)
You are resistant to electric shocks. (rElec)
You can survive without breathing.
You are immune to petrification.
You are immune to rotting.
Your body sometimes deteriorates upon taking damage.
You are resistant to hostile enchantments. (MR+)
You expend magic power (3 MP) to strengthen your wands.


Message History

Okay, then.
Okay, then.
You feel better.
Okay, then.
Casting: Stone Arrow (safe; 1% risk of failure)
Confirm with . or Enter, or press ? or * to list all spells.
Okay, then.
You fly up into the air.
The fire dragon bites you but does no damage.
The fire dragon claws you.
* * * LOW HITPOINT WARNING * * *
The fire dragon tramples you but does no damage.
Really fly into that cloud of steam? [Y]es or [N]o only, please.
Really fly into that cloud of steam?
You are engulfed in a cloud of scalding steam.
The fire dragon breathes flames at you. The blast of flame hits you!!!
Ouch! That really hurt!
You die...

...........≈≈# ♣♣≈.≈≈≈≈P♣♣ ≈≈
...........≈# ♣♣♣.).≈≈[♣♣ ≈..
...........≈## ♣.♣....§≈.♣♣♣≈...
...........≈≈##♣♣..♣♣♣.♣≈.≈≈≈≈..♣
...........≈≈.#♣.....♣♣♣≈≈≈≈.≈..♣
#.............#♣♣♣♣.≈♣♣≈.°.)...♣♣
#..............♣♣♣♣♣♣≈≈≈♣..♣..♣♣
#####...(..÷.....≈♣D≈≈≈♣♣...♣♣♣
#######..#...♣.@§°D§......♣♣
#....##.#....≈÷♣♣.°♣°♣.♣♣♣♣
#......†#.....♣♣♣♣♣♣♣♣♣♣
#......#......♣
#........##..###################
#.....#..##.....................
#####...###.....................
#..#. #.....................
#..... #....#...P............


You could see a fire dragon (catching breath) and a swamp dragon (catching
breath).

Vanquished Creatures
  7 hydras
  Harold (D:10)
  A centaur warrior (D:13)
  3 two-headed ogres
  3 death yaks (Lair:5)
  Sonja (D:10)
  Pikel (D:8)
  5 elephants (Lair:3)
  8 black mambas
  Joseph (D:7)
  Psyche (D:9)
  A torpor snail (Lair:6)
  A freezing wraith (D:13)
  6 cane toads
  7 komodo dragons
  Maggie (D:10)
  5 rime drakes
  2 ice devils (Lair:2)
  2 trolls
  A polar bear (Lair:3)
  2 hornets
  7 blink frogs (Lair:5)
  6 hippogriffs
  4 dream sheep (Lair:6)
  2 wyverns
  44 yaks
  A water elemental (D:13)
  6 basilisks
  2 vampire mosquitoes
  The ghost of grandjackal the Grave Robber, an amateur DsNe (D:3)
  A soldier ant (D:12)
  15 water moccasins
  2 acid dragons
  12 porcupines
  A swamp drake (Lair:6)
  4 orc warriors
  2 black bears
  4 ice beasts
  A phantom (D:6)
  A sky beast (D:6)
  An eye of draining (D:10)
  4 ogres
  3 centaurs
  12 wolves
  6 crocodiles
  11 bullfrogs
  Blork the orc (D:6)
  A gnoll sergeant (D:8)
  3 scorpions
  4 wights (D:8)
  3 electric eels (D:10)
  A bullfrog zombie (D:10)
  4 centaur zombies
  8 hounds
  6 jellies
  6 orc priests
  7 orc wizards
  2 centaur skeletons
  4 iguanas
  8 hell rats
  14 worker ants
  A hound zombie (D:5)
  A hound skeleton (D:4)
  A howler monkey zombie (D:11)
  Robin (D:2)
  5 gnolls (D:8)
  12 adders
  4 river rats (D:3)
  2 shadow imps
  5 white imps
  An ufetubus (D:3)
  An ooze (D:2)
  An adder zombie (D:8)
  5 worms
  A dart slug (D:2)
  5 leopard geckos
  35 orcs
  3 bats
  2 giant cockroaches
  6 goblins (D:2)
  8 hobgoblins
  15 jackals
  A kobold (D:2)
  4 quokkas
  A frilled lizard (D:4)
  A quokka skeleton (D:5)
  8 rats
415 creatures vanquished.

Vanquished Creatures (others)
  A wizard (D:7)
  6 bushes (Lair:5)
  36 fungi
  50 plants
93 creatures vanquished.

Grand Total: 508 creatures vanquished

Notes
Turn   | Place    | Note
-------+----------+-------------------------------------------
     0 | D:1      | miket3c the Gargoyle Earth Elementalist began the quest for
                  | the Orb.
     0 | D:1      | Reached XP level 1. HP: 10/10 MP: 3/3
   473 | D:1      | Reached skill level 4 in Earth Magic
   473 | D:1      | Reached XP level 2. HP: 15/15 MP: 0/5
  1146 | D:2      | Reached XP level 3. HP: 19/19 MP: 4/6
  1434 | D:2      | Reached XP level 4. HP: 24/24 MP: 5/7
  1576 | D:2      | Noticed Robin
  1584 | D:2      | Killed Robin
  1584 | D:2      | Reached skill level 5 in Earth Magic
  1716 | D:2      | Found a blossoming altar of Fedhas.
  1739 | D:2      | Noticed an oklob plant
  1818 | D:2      | Found a sacrificial altar of Ru.
  2148 | D:3      | Found a white marble altar of Elyvilon.
  2302 | D:3      | Found a runed translucent gate.
  2302 | D:3      | Found a runed translucent gate.
  2303 | D:3      | Found a runed translucent gate.
  2303 | D:3      | Noticed grandjackal's ghost (amateur DsNe)
  2308 | D:3      | Identified the cursed +2 hand axe of Destiny {vorpal, MR-
                  | Str+3 Int+4}
  2312 | D:3      | Found a roughly hewn altar of Beogh.
  2442 | D:3      | Killed grandjackal's ghost
  2442 | D:3      | Reached skill level 1 in Armour
  2442 | D:3      | Reached XP level 5. HP: 14/28 MP: 1/10
  2456 | D:3      | Reached XP level 6. HP: 33/33 MP: 2/11
  2673 | D:3      | Reached skill level 6 in Earth Magic
  2721 | D:3      | Found an iron altar of Okawaru.
  2730 | D:3      | Noticed an ice beast
  2749 | D:3      | Killed an ice beast
  3045 | D:3      | Found a shadowy altar of Dithmenos.
  3221 | D:3      | Reached skill level 1 in Short Blades
  3311 | D:4      | Reached skill level 1 in Fighting
  3327 | D:4      | Reached XP level 7. HP: 38/38 MP: 8/12
  4398 | D:5      | Entered Level 5 of the Dungeon
  4435 | D:5      | Reached skill level 7 in Earth Magic
  4504 | D:5      | Reached XP level 8. HP: 43/43 MP: 8/15
  4563 | D:5      | Found a staircase to the Ecumenical Temple.
  4577 | D:5      | Reached skill level 5 in Spellcasting
  4740 | Temple   | Entered the Ecumenical Temple
  4784 | Temple   | Became a worshipper of Vehumet
  4917 | D:5      | Found a shadowy altar of Dithmenos.
  4961 | D:5      | Reached skill level 8 in Earth Magic
  5430 | D:6      | Noticed Blork the orc
  5438 | D:6      | Killed Blork the orc
  5494 | D:6      | Found a shimmering altar of Xom.
  5699 | D:6      | Reached skill level 1 in Throwing
  5706 | D:6      | Reached XP level 9. HP: 48/48 MP: 15/18
  5774 | D:6      | Reached skill level 9 in Earth Magic
  5857 | D:6      | Found a hazy altar of Hepliaklqana.
  6063 | D:6      | Found Qesiligh's Assorted Antiques.
  6391 | D:7      | Found a bloodstained altar of Trog.
  6418 | D:7      | Noticed a wizard
  6420 | D:7      | Killed a wizard
  7127 | D:7      | Noticed Joseph
  7133 | D:7      | Killed Joseph
  7133 | D:7      | Reached skill level 10 in Earth Magic
  7315 | D:7      | Noticed a hornet
  7319 | D:7      | Killed a hornet
  7464 | D:8      | Reached * piety under Vehumet
  7464 | D:8      | Offered knowledge of Freeze by Vehumet.
  7510 | D:8      | Noticed a hornet
  7515 | D:8      | Killed a hornet
  7599 | D:8      | Reached skill level 11 in Earth Magic
  7797 | D:8      | Noticed a two-headed ogre
  7812 | D:8      | Killed a two-headed ogre
  7812 | D:8      | Reached XP level 10. HP: 24/53 MP: 16/21
  8045 | D:8      | Learned a level 2 spell: Passwall
  8080 | D:8      | Learned a level 3 spell: Stone Arrow
  8133 | D:8      | Noticed Pikel
  8143 | D:8      | Killed Pikel
  8240 | D:8      | Offered knowledge of Magic Dart by Vehumet.
  8648 | D:9      | Noticed Psyche
  8651 | D:9      | Reached ** piety under Vehumet
  8668 | D:9      | Killed Psyche
  9356 | D:9      | Reached skill level 12 in Earth Magic
  9515 | D:9      | Noticed an orange crystal statue
  9581 | D:9      | Reached skill level 5 in Armour
  9674 | D:10     | Entered Level 10 of the Dungeon
  9680 | D:10     | You fall into a shaft and drop 3 floors!
  9891 | D:13     | Noticed a centaur warrior
  9897 | D:13     | Noticed a skeletal warrior
  9900 | D:13     | Noticed a skeletal warrior
  9903 | D:13     | Noticed a skeletal warrior
  9903 | D:13     | Noticed a skeletal warrior
  9904 | D:13     | Killed a centaur warrior
  9904 | D:13     | Reached XP level 11. HP: 48/57 MP: 18/24
  9915 | D:13     | Noticed a harpy
 10148 | D:12     | Found a staircase to the Orcish Mines.
 10236 | D:12     | Noticed a two-headed ogre
 10242 | D:12     | Killed a two-headed ogre
 10264 | D:12     | Noticed a two-headed ogre
 10280 | D:12     | Killed a two-headed ogre
 10280 | D:12     | Reached skill level 10 in Spellcasting
 10329 | D:12     | Offered knowledge of Mephitic Cloud by Vehumet.
 10402 | D:12     | Reached skill level 13 in Earth Magic
 10615 | D:12     | Found a flickering gateway to a bazaar.
 10934 | D:10     | Reached *** piety under Vehumet
 10982 | D:10     | Noticed Harold
 10997 | D:10     | Killed Harold
 11050 | D:10     | Found a runed translucent door.
 11062 | D:10     | Found a runed translucent door.
 11074 | D:10     | Found a runed translucent door.
 11084 | D:10     | Found a runed translucent door.
 11090 | D:10     | Noticed an obsidian statue
 11102 | D:10     | Noticed Sonja
 11120 | D:10     | Killed Sonja
 11120 | D:10     | Reached skill level 1 in Conjurations
 11290 | D:10     | Noticed Maggie
 11298 | D:10     | Killed Maggie
 11407 | D:10     | Found a staircase to the Lair.
 11564 | D:10     | Offered knowledge of Olgreb's Toxic Radiance by Vehumet.
 11846 | Lair:1   | Entered Level 1 of the Lair of Beasts
 11931 | Lair:1   | Noticed an eight-headed hydra
 11940 | Lair:1   | Killed an eight-headed hydra
 11940 | Lair:1   | Reached XP level 12. HP: 44/64 MP: 9/26
 12427 | Lair:1   | Noticed a seven-headed hydra
 12435 | Lair:1   | Killed a seven-headed hydra
 12543 | Lair:1   | Found a dark tunnel.
 12654 | Lair:1   | Reached skill level 14 in Earth Magic
 13146 | Lair:2   | Reached **** piety under Vehumet
 13161 | Lair:2   | Offered knowledge of Yara's Violent Unravelling by Vehumet.
 13293 | Lair:2   | Found a gate leading to a gauntlet.
 14269 | Lair:3   | Reached skill level 5 in Conjurations
 14365 | Lair:3   | Reached skill level 15 in Earth Magic
 14434 | Lair:3   | Reached XP level 13. HP: 68/68 MP: 24/28
 14836 | Lair:2   | Learned a level 5 spell: Lee's Rapid Deconstruction
 14855 | Lair:3   | Reached ***** piety under Vehumet
 14855 | Lair:3   | Reached skill level 1 in Evocations
 15144 | Lair:3   | Offered knowledge of Iron Shot by Vehumet.
 15152 | Lair:3   | Learned a level 6 spell: Iron Shot
 15260 | Lair:3   | You fall into a shaft and drop 3 floors!
 15260 | Lair:6   | Entered Level 6 of the Lair of Beasts
 15270 | Lair:5   | Found a basalt altar of Yredelemnul.
 15466 | Lair:5   | You fall into a shaft and drop 1 floor!
 15648 | Lair:6   | Found a staircase to the Slime Pits.
 16985 | Lair:5   | Reached skill level 16 in Earth Magic
 17711 | Lair:5   | Got a warped pewter amulet
 17764 | Lair:5   | Gained mutation: Your large and strong wings let you fly
                  | indefinitely. [Gargoyle growth]
 17764 | Lair:5   | Reached XP level 14. HP: 73/74 MP: 8/31
 17772 | Lair:5   | Gained mutation: Your body sometimes deteriorates upon
                  | taking damage. [potion of mutation]
 17772 | Lair:5   | Gained mutation: You expend magic power (3 MP) to
                  | strengthen your wands. [potion of mutation]
 17772 | Lair:5   | Gained mutation: You are resistant to hostile enchantments.
                  | (MR+) [potion of mutation]
 19328 | Lair:6   | Offered knowledge of Hailstorm by Vehumet.
 19427 | Lair:6   | Killed from afar by a fire dragon

Illustrated notes

Levels and vault maps discovered:
D:1:      dpeg_arrival_houses_and_road, layout_rooms
D:2:      layout_rooms, overflow_temple_1_default, minmay_parallelograms,
          tgw_fedhas, uniq_robin
D:3:      layout_basic, elyvilon_altar_4, okawaru_ov_weapons_minmay,
          lightli_sewer_entry_pipes, biasface_ghost_orc_armoury,
          grunt_dithmenos_smoke_and_mirrors
D:4:      layout_loops_ring, serial_rivers, chequers_serial_rivers_micro_e,
          chequers_serial_rivers_small_b, chequers_serial_rivers_micro_c,
          chequers_serial_rivers_small_3, chequers_serial_rivers_small_a,
          minivault_11
D:5:      layout_rooms, overflow_temple_1_default, minmay_temple_entry_grid
D:6:      layout_basic, kennysheep_mini_moat, serial_shops, shop, basic_altar,
          uniq_blork_the_orc
D:7:      layout_cave_pods, trog_wizard, uniq_joseph
D:8:      layout_gridville, uniq_pikel
D:9:      layout_long_grid, minmay_protected_statue, uniq_psyche
D:10:     layout_roguey, erik_lair_island, minmay_statue_crystal_thing,
          uniq_harold, uniq_sonja, uniq_maggie
D:11:     layout_loops_corners, hangedman_corner_corridor
D:12:     layout_roguey, orc_0_dummy, serial_shops, bzr_entry_islet
D:13:     layout_cross, david_vaults_4, basic_altar, serial_bayou_lagoon_b
Temple:   minmay_crystal_spiral_temple
Lair:1:   layout_cellular_growth, enter_volcano_2, minivault_26
Lair:2:   layout_chaotic_city, gauntlet_entry_generic,
          portal_ice_cave_demonic_guard, beast_lair_carwin_7,
          minmay_lair_oklob_chamber, infiniplex_staircase_pool_2
Lair:3:   layout_regular_city, palyth_hydra_swamp_entry,
          kennysheep_basilisk_garden
Lair:4:   layout_long_grid, spider_nest_entry_funnel_web, zaba_anthell
Lair:5:   layout_roguey, basic_altar, dpeg_oklob_1, grunt_megastairs_3
Lair:6:   hangedman_lair_in_review, layout_gridlike, guppyfry_lair_end_dragon,
          slime_dummy

Skill      XL: |  1  2  3  4  5  6  7  8  9 10 11 12 13 14 |
---------------+-------------------------------------------+-----
Earth Magic    | 4 5 6 7 8 11 12 13 15 16 | 16.3
Dodging        | 2 3 4 |  4.8
Armour         | 1 2 3 4 5 6 7 |  7.1
Spellcasting   | 3 4 6 7 9 10 11 13 | 13.3
Short Blades   | 1 2 3 |  3.2
Fighting       | 1 2 3 |  3.4
Stealth        | 3 4 |  4.4
Throwing       | 1 2 3 4 |  4.7
Conjurations   | 2 5 6 7 |  7.0
Evocations     | 1 |  1.2
Unarmed Combat | |  0.5
Transmutations | |  0.8

Action                   |  1- 3 |  4- 6 |  7- 9 | 10-12 | 13-15 || total
-------------------------+-------+-------+-------+-------+-------++-------
Melee: Dagger            |    21 |   123 |    33 |    49 |       ||   226
       Unarmed           |    13 |    20 |       |       |       ||    33
       Short sword       |       |       |       |    35 |    65 ||   100
Throw: Stone             |       |     7 |       |       |       ||     7
       Dart              |       |       |    39 |    19 |    15 ||    73
       Boomerang         |       |       |       |    78 |    33 ||   111
 Cast: Sandblast         |    30 |    73 |   158 |   195 |    59 ||   515
       Stone Arrow       |       |       |       |   193 |   262 ||   455
       Passwall          |       |       |       |     1 |     2 ||     3
       Iron Shot         |       |       |       |       |     9 ||     9
       Lee's Rapid Decon |       |       |       |       |     1 ||     1
 Abil: Fly               |       |       |       |       |     1 ||     1
Evoke: Wand              |       |       |       |     5 |    13 ||    18
  Use: Scroll            |     3 |     3 |     1 |     3 |     8 ||    18
       Potion            |       |     6 |       |     4 |    12 ||    22
Armor: Leather armour    |    34 |    18 |       |       |       ||    52
       Robe              |     1 |       |       |       |       ||     1
       Ring mail         |       |    30 |    30 |   129 |   124 ||   313
Dodge: Dodged            |    44 |   168 |    81 |   287 |   328 ||   908

Table legend: (Time is in decaauts)
 A = Elapsed time spent in this place.
 B = Non-inter-level travel time spent in this place.
 C = Inter-level travel time spent in this place.
 D = Time resting spent in this place.
 E = Time spent auto-exploring this place.
 F = Levels seen in this place.
 G = Mean time per level.
                   A        B        C        D        E       F      G
               +--------+--------+--------+--------+--------+-----+--------+
         Total |  19459 |  19005 |    454 |   6872 |   7135 |  20 |  973.0 |
       Dungeon |  11823 |  11455 |    368 |   3481 |   5173 |  13 |  909.5 |
        Temple |     63 |     63 |      0 |      0 |      0 |   1 |   63.0 |
          Lair |   7572 |   7486 |     86 |   3391 |   1961 |   6 | 1262.0 |
               +--------+--------+--------+--------+--------+-----+--------+

Top non-repeatable levels by time:
  Lair:6: 2146 daAuts
  Lair:5: 1643 daAuts
  Lair:2: 1363 daAuts
     D:3: 1300 daAuts
     D:8: 1292 daAuts
     D:4: 1096 daAuts
     D:7: 1084 daAuts
  Lair:1: 1053 daAuts
    D:10: 1040 daAuts
     D:9: 1035 daAuts
     D:2: 1025 daAuts
     D:1: 1018 daAuts
  Lair:3: 980 daAuts
     D:6: 899 daAuts
     D:5: 894 daAuts
